 Dungeon Crawl Stone Soup version 0.29.1-15-g9cfb28693d (webtiles) character file.

Game seed: 4758042186422875194

22 Heoruswealwe the Digger (level 2, 15/15 HPs)
             Began as a Deep Elf Earth Elementalist on Mar 29, 2023.
             Got out of the dungeon alive.
             The game lasted 00:05:33 (502 turns).

Heoruswealwe the Digger (DEEE)                       Turns: 502, Time: 00:05:33

Health: 15/15      AC:  2    Str:  5    XL:     2   Next: 68%
Magic:  8/8        EV: 13    Int: 19    God:
Gold:   53         SH:  0    Dex: 15    Spells: 6/7 levels left

rFire   . . .      SeeInvis .   (no weapon)
rCold   . . .      Faith    .   (no shield)
rNeg    . . .      Spirit   .   a - +0 robe
rPois   .          Reflect  .   (no helmet)
rElec   .          Harm     .   (no cloak)
rCorr   .          Rampage  .   (no gloves)
Will    .....                   (no boots)
Stlth   ++........              (no amulet)
HPRegen 0.05/turn               (no ring)
MPRegen 0.11/turn               (no ring)

@: on berserk cooldown, slowed, invisible, very slow
A: no striking features
a: no special abilities


You escaped.
You visited 1 branch of the dungeon, and saw 1 of its levels.

You collected 53 gold pieces.

Inventory:

Armour
 a - a +0 robe (worn)
 h - a +0 robe
Scrolls
 e - a scroll of immolation
Potions
 b - a potion of magic


   Skills:
 + Level 2.8 Dodging
 + Level 2.9 Stealth
 + Level 3.3 Spellcasting
 + Level 1.6 Transmutations
 + Level 3.5 Earth Magic


You had 6 spell levels left.
You knew the following spells:

 Your Spells              Type           Power      Damage    Failure   Level
a - Sandblast             Erth           32%        2d9       3%          1

Your spell library contained the following spells:

 Spells                   Type           Power      Damage    Failure   Level
 Passwall                 Tmut/Erth      10%        N/A       8%          2
 Magic Dart               Conj           12%        1d3       14%         1
 Call Imp                 Summ           3%         N/A       22%         2
 Stone Arrow              Conj/Erth      18%        3d8       22%         3
 Ignite Poison            Fire/Tmut/Pois 5%         N/A       34%         3
 Conjure Flame            Conj/Fire      3%         6-21      41%         3
 Mephitic Cloud           Conj/Pois/Air  3%         N/A       41%         3
 Petrify                  Tmut/Erth      13%        N/A       45%         4
 Corpse Rot               Necr/Pois/Air  3%         N/A       82%         4
 Dispel Undead            Necr           3%         3d7       82%         4
 Sticky Flame             Conj/Fire      3%         2d3       82%         4
 Death Channel            Necr           1%         N/A       100%        6


Dungeon Overview and Level Annotations

Branches:
Dungeon (1/15)

Altars:


Message History

You see here a +0 club.
Found a sling.
You see here a +0 sling.
Done exploring.
As you read the scroll labelled KILIQO HOONN, it crumbles to dust.
The air around you briefly surges with heat, but it dissipates.
It was a scroll of immolation.
Blink to where?
Press: ? - help, Dir - move target
As you read the scroll labelled DAKLOSM REAFEJ, it crumbles to dust.
It was a scroll of blinking.
As you read the scroll labelled CELENE XUGG, it crumbles to dust.
You feel strangely unstable.
It was a scroll of teleportation.
Your surroundings suddenly seem different.
It was a potion of berserk rage.
A red film seems to cover your vision as you go berserk!
You feel yourself moving faster!
You feel mighty!
You start waiting.
You feel a strong urge to attack something.
You start waiting.
You feel your anger nearly subside.
You start waiting.
You are no longer berserk.
You are exhausted.
You feel yourself slow down.
It was a potion of heal wounds.
You feel much better.
Okay, then.
It was a potion of invisibility.
You fade into invisibility!
It was a potion of curing.
You feel better.
Okay, then.
You enter the shallow water.
Moving in this stuff is going to be slow. ...and don't expect to remain undetected.
There is a staircase leading out of the dungeon here.
Are you sure you want to leave the Dungeon?
This will make you lose the game!
Alright, then stay!
Unknown command.
Are you sure you want to leave the Dungeon?
This will make you lose the game!
You have escaped!

........######...# #.# #....
.)..###.#......#.# #.# #....
....###.#.######.######.#####>...
....##..#.#~~~~♣.♣~~~~#....).....
##...#.##.#~...♣.♣...~#..........
...#......#~.P.....P.~#...†......
.#....##..#~PPP...PPP~#.†........
...#...#..#♣.P.....P.♣#.##..#....
.####......~....@....~..#..##..##
## ##.#..#♣.......♣.♣#.#.###..# #
###....#~......♣♣♣~#...###..# #
#......#~.......♣.~#........# #
#......#~~~~♣~♣~~~~#...###..# #
#.....^######.######...###.##
####.....................##...#
............................###
..##...........#......####...###


There were no monsters in sight!

Vanquished Creatures
  A dart slug (D:1)
  A ball python (D:1)
  2 endoplasms (D:1)
  A giant cockroach (D:1)
  3 goblins (D:1)
  A hobgoblin (D:1)
  2 kobolds (D:1)
  A quokka (D:1)
  3 bats (D:1)
  2 frilled lizards (D:1)
  A rat (D:1)
18 creatures vanquished.

Vanquished Creatures (others)
  5 toadstools (D:1)
5 creatures vanquished.

Grand Total: 23 creatures vanquished

Notes
Turn   | Place    | Note
-------+----------+-------------------------------------------
     0 | D:1      | Heoruswealwe the Deep Elf Earth Elementalist began the
                  | quest for the Orb.
     0 | D:1      | Reached XP level 1. HP: 10/10 MP: 6/6
    59 | D:1      | Reached XP level 2. HP: 8/15 MP: 1/8
   502 | D:$      | Got out of the dungeon alive.

Illustrated notes

Levels and vault maps discovered:
D:1:      ldierk_walled_garden, layout_rooms

Action                   || total
-------------------------++-------
Melee: Unarmed           ||     7
 Cast: Sandblast         ||    24
  Use: Potion            ||     4
       Scroll            ||     3
Dodge: Dodged            ||     9
